Map: Ever Dream LE

Players

Neeb - Winner!

  • Race: Protoss Protoss
  • Spawn Location: 1:00

Future

  • Race: Terran Terran
  • Spawn Location: 7:00

Event: DreamHack SC2 Masters 2020 Summer North America

VOD

Have the link to the VOD?

Description

Time

  • Played on: July 11, 2020, 4:12 p.m.
  • Length: 7:38

All games in this series

Show
View Real Time Build Order
Export as new Build Order

Neeb Protoss - Winner!

Build Orders: 1 Gate Expand, Blink Stalkers 

Get SALT Encoding   

  12  0:00  Probe  
  13  0:12  Probe  
  14  0:17  Pylon  
  14  0:24  Probe  
  15  0:32  Probe  
  15  0:38  Gateway  
  15  0:40  Probe  
  16  0:46  Assimilator  
  17  0:51  Probe  
  18  1:03  Probe  
  19  1:15  Probe  
  20  1:23  Nexus  
  20  1:31  Cybernetics Core  
  20  1:34  Probe  
  21  1:42  Assimilator  
  21  1:46  Probe  
  22  1:48  Pylon  
  22  1:55  Probe  
  22  1:57  Stalker  
  23  2:03  Probe  
  23  2:07  Warp Gate  
  26  2:12  Probe  
  27  2:24  Probe  
  27  2:27  Twilight Council  
  28  2:36  Stalker, Probe  
  28  2:37  Probe  
  31  2:44  Probe  
  31  2:47  Blink  
  31  2:49  Probe  
  33  2:53  Probe  
  34  3:01  Probe  
  35  3:07  Gateway  
  35  3:14  Gateway  
  35  3:20  Stalker  
  35  3:21  Probe  
  35  3:24  Probe  
  39  3:30  Pylon  
  39  3:35  Robotics Facility  
  39  3:37  Probe  
  39  3:39  Probe  
  41  3:47  Pylon  
  41  3:49  Probe  
  41  3:51  Probe  
  42  4:01  Probe  
  43  4:04  Stalker x2  
  43  4:05  Probe  
  48  4:10  Stalker, Assimilator  
  48  4:15  Probe  
  48  4:16  Observer  
  51  4:17  Pylon  
  51  4:18  Probe  
  53  4:27  Shield Battery  
  53  4:28  Stalker  
  53  4:29  Probe  
  56  4:33  Stalker  
  56  4:34  Probe  
  59  4:42  Probe  
  59  4:43  Observer  
  59  4:44  Pylon  
  61  4:50  Stalker  
  63  4:55  Stalker  
  65  5:03  Nexus  
  63  5:09  Probe  
  62  5:15  Probe  
  62  5:20  Assimilator  
  63  5:21  Probe  
  63  5:27  Probe  
  65  5:33  Probe  
  64  5:39  Probe  
  64  5:41  Stalker x2  
  64  5:42  Stalker, Robotics Bay  
  71  5:44  Immortal, Forge  
  71  5:47  Pylon  
  71  5:52  Charge  
  75  6:02  Observer, Probe x2  
  77  6:14  Probe  
  77  6:15  Shield Battery  
  77  6:16  Colossus, Probe  
  77  6:17  Sentry  
  77  6:18  Zealot x2  
  83  6:21  Gateway, Probe  
  83  6:23  Gateway  
  86  6:26  Probe  
  93  6:34  Probe  
  93  6:39  Probe  
  94  6:43  Probe  
  94  6:46  Probe  
  94  6:52  Probe  
  95  6:55  Zealot  
  95  6:56  Zealot x2  
  95  6:59  Gateway x2  
  101  7:05  Gateway  
  101  7:12  Pylon  
  101  7:24  Pylon  
  101  7:25  Assimilator  
  101  7:26  Pylon  
  101  7:29  Pylon  
  107  7:30  Assimilator  
  107  7:35  Zealot  
Show
View Real Time Build Order
Export as new Build Order

Future Terran 

Build Orders: Reaper Expand 

Get SALT Encoding   

  12  0:00  SCV  
  13  0:13  SCV  
  14  0:17  Supply Depot  
  14  0:25  SCV  
  15  0:38  SCV  
  15  0:40  Barracks  
  16  0:44  Refinery  
  16  0:50  SCV  
  17  1:02  SCV  
  18  1:15  SCV  
  19  1:28  Orbital Command, Reaper  
  20  1:44  Command Center  
  20  1:48  Supply Depot  
  20  1:55  SCV  
  20  2:00  Marine  
  22  2:07  SCV  
  23  2:10  Factory  
  23  2:15  Refinery  
  23  2:19  SCV  
  24  2:23  Barracks Reactor  
  24  2:34  SCV  
  25  2:46  SCV  
  26  2:55  Starport  
  26  2:56  Hellion  
  26  2:57  Orbital Command  
  26  2:58  SCV  
  29  2:59  Marine x2  
  31  3:08  Bunker  
  31  3:10  SCV  
  32  3:17  Marine x2  
  34  3:22  SCV  
  34  3:23  SCV  
  36  3:27  Factory Tech Lab  
  36  3:29  Barracks  
  36  3:35  SCV x2  
  36  3:36  Medivac  
  40  3:41  Supply Depot  
  40  3:47  SCV  
  40  3:48  Marine x2  
  43  3:55  SCV  
  43  3:59  SCV  
  42  4:04  Supply Depot  
  42  4:07  SCV  
  42  4:08  Barracks  
  42  4:09  Marine x2  
  44  4:11  SCV, Factory Tech Lab  
  44  4:12  Starport Reactor  
  44  4:14  Refinery  
  46  4:19  SCV  
  46  4:23  Supply Depot, SCV  
  48  4:25  Marine  
  48  4:26  Stimpack  
  48  4:29  Marine  
  50  4:31  Marine  
  50  4:33  SCV  
  50  4:35  SCV  
  53  4:45  Engineering Bay  
  53  4:47  Refinery, Marauder  
  53  4:49  SCV  
  53  4:52  SCV  
  57  4:56  Factory Reactor  
  57  5:01  SCV  
  57  5:02  Supply Depot  
  57  5:04  SCV  
  59  5:09  Marauder  
  59  5:10  Bunker  
  57  5:14  SCV  
  57  5:16  SCV  
  57  5:18  Marauder  
  57  5:26  Terran Infantry Weapons Level 1, SCV  
  55  5:30  SCV  
  54  5:38  SCV  
  54  5:42  Marauder x2, Marine x2  
  60  5:43  SCV  
  60  5:46  Supply Depot  
  61  5:50  SCV  
  61  5:52  Medivac x2  
  61  5:56  SCV  
  67  5:57  Combat Shield  
  67  6:02  Marine x2, SCV  
  70  6:04  Marauder  
  70  6:07  Marauder  
  70  6:08  Widow Mine  
  70  6:10  Widow Mine  
  78  6:12  Supply Depot  
  78  6:15  Supply Depot  
  78  6:19  SCV x2  
  78  6:23  Medivac x2  
  84  6:27  Marauder  
  84  6:28  Marauder, Marine  
  84  6:30  Concussive Shells  
  89  6:39  Marine  
  80  6:43  Widow Mine x2  
  80  6:45  Marine  
  83  6:49  Marauder  
  83  6:50  Marauder  
  83  6:51  Supply Depot  
  92  7:03  Marine x2  
  92  7:05  Widow Mine x2  
  98  7:10  Marauder  
  98  7:11  Marauder  
  102  7:29  Command Center  
Tags
 
Add a new tag
Caveats
  • Supply blocks, unpowered buildings, or Contaminate may cause inaccurate times.
  • Supply counts are checked every 10 seconds.